Penguins vs Stars

Created - 8 janvier 2021 at 20:32

Goals
1 2 3 T
Penguins 1 1 2 4
Stars 2 1 0 3
Shots
1 2 3 T
Penguins 7 16 15 38
Stars 17 15 9 41

1st period

1. Stars , Brandon Tanev 5 (Mattias Ekholm 22, Duncan Keith 17) at 15:01
2. Stars , Tyler Toffoli 8 (Bo Horvat 24, Duncan Keith 18) at 17:46
3. Penguins , Gabriel Landeskog 14 (Mark Scheifele 17, Filip Hronek 16) at 18:47

Penalties :
Jon Marchessault (DAL) for Holding Stick (Minor) at 0:19, Drew Doughty (PIT) for High sticking (Minor) at 11:36, Duncan Keith (DAL) for High sticking (Minor) at 19:08

2nd period

4. Penguins , Mark Giordano 6 (David Perron 10, Gabriel Landeskog 11) at 1:06 (PP)
5. Stars , Evgenii Dadonov 8 (Duncan Keith 19, Nazem Kadri 12) at 17:50

Penalties :
Mattias Ekholm (DAL) for Cross-checking (Minor) at 11:26

3rd period

6. Penguins , David Perron 10 (Gabriel Landeskog 12, Filip Hronek 17) at 1:06
7. Penguins , Shea Weber 3 (Gabriel Landeskog 13, Mark Scheifele 18) at 4:50 (PP)

Penalties :
Tom Wilson (DAL) for Tripping (Minor) at 2:57, Mattias Ekholm (DAL) for Tripping (Minor) at 10:45, Mattias Ekholm (DAL) for High sticking (Minor) at 14:01, Darnell Nurse (DAL) for Boarding (Major) at 18:20

Goalie Stats

Connor Hellebuyck (PIT), 38 saves from 41 shots - (0,927), W, 16-15-5, 60:00 minutes
Darcy Kuemper (DAL), 34 saves from 38 shots - (0,895), L, 20-8-4, 60:00 minutes

Players Stats for Penguins

Player Name              G  A  P  +/- PIM S  H  SB GA TA FO     MP     PP MP  PK MP  
------------------------------------------------------------------------------------
Adrian Kempe             0  0  0  -1  0   0  0  0  0  0  1/8     4:35   0:00   0:00 
Alex DeBrincat           0  0  0  -1  0   1  1  0  0  0  0/2    10:54   0:00   0:07 
Brent Seabrook           0  0  0   0  0   1  4  1  0  0  0/0    12:15   0:00   0:00 
Cedric Paquette          0  0  0  -1  0   0  0  0  0  0  1/4     5:52   0:00   1:17 
Clayton Keller           0  0  0  -1  0   1  1  0  0  0  0/12   10:47   0:00   0:00 
David Perron             1  1  2   1  0   4  0  0  0  0  0/3    22:27   7:09   1:05 
Drew Doughty             0  0  0  -1  2   6  3  2  0  0  0/0    25:43   8:18   0:00 
Filip Hronek             0  2  2   0  0   3  5  1  0  0  0/0    20:47   5:08   0:45 
Gabriel Landeskog        1  3  4   1  0   3  2  1  0  0  0/1    21:41   7:09   0:19 
Joe Thornton             0  0  0   0  0   0  1  0  0  0  0/0    21:17   6:17   0:00 
Marcus Pettersson        0  0  0   0  0   1  2  2  0  0  0/0    13:29   0:00   1:14 
Mark Giordano            1  0  1  -1  0   3  0  2  0  0  0/0    23:19   5:08   0:45 
Mark Scheifele           0  2  2   1  0   3  1  0  0  0  17/29  21:57   7:09   0:35 
Nathan MacKinnon         0  0  0   0  0   6  0  0  0  0  14/28  21:17   6:17   0:00 
Oliver Bjorkstrand       0  0  0  -1  0   1  0  0  0  0  0/1    10:47   0:00   0:00 
Oskar Lindblom           0  0  0  -1  0   0  0  0  0  0  1/1     5:10   0:00   0:35 
Patrik Laine             0  0  0   0  0   2  4  0  0  0  1/2    21:17   6:17   0:00 
Shea Weber               1  0  1   0  0   3  0  3  0  0  0/0    24:26   8:18   1:14 

Players Stats for Stars

Player Name              G  A  P  +/- PIM S  H  SB GA TA FO     MP     PP MP  PK MP  
------------------------------------------------------------------------------------
Bo Horvat                0  1  1   1  0   3  0  0  0  0  16/26  19:40   1:18   4:44 
Brandon Tanev            1  0  1   1  0   1  1  0  0  0  0/3    12:07   0:00   8:27 
Darnell Nurse            0  0  0  -1  5   1  5  5  0  0  0/0    24:02   0:00   6:05 
Derick Brassard          0  0  0   0  0   1  0  0  0  0  8/12   11:08   0:00   0:00 
Duncan Keith             0  3  3   2  2   0  0  1  0  0  0/0    19:48   0:41   4:11 
Evgenii Dadonov          1  0  1  -1  0   3  0  0  0  0  0/1    17:50   0:41   1:00 
James van Riemsdyk       0  0  0   0  0   2  0  0  0  0  0/0    11:08   0:00   0:00 
John Klingberg           0  0  0  -1  0   3  1  2  0  0  0/0    25:10   0:41   6:31 
Jon Marchessault         0  0  0   0  2   1  1  1  0  0  0/0    11:07   0:00   0:00 
Josh Leivo               0  0  0   1  0   2  0  0  0  0  0/0     3:40   0:00   0:00 
Mattias Ekholm           0  1  1   2  6   0  3  3  0  0  0/0    22:12   1:18   6:00 
Nazem Kadri              0  1  1  -1  0   5  2  0  0  0  0/1    17:27   1:18   0:00 
Patrice Bergeron         0  0  0  -1  0   4  0  0  0  0  17/22  17:13   0:41   0:23 
Sami Vatanen             0  0  0   0  0   1  2  0  0  0  0/0    16:36   1:18   3:38 
Scott Mayfield           0  0  0   0  0   0  2  1  0  0  0/0    12:07   0:00   0:27 
Teddy Blueger            0  0  0   1  0   2  0  1  0  0  13/22  11:59   0:00   8:19 
Tom Wilson               0  0  0   1  2   7  6  0  0  0  2/4    18:54   1:18   3:59 
Tyler Toffoli            1  0  1   1  0   5  1  0  0  0  0/0    14:19   0:41   0:00 

3 Stars

1 - Gabriel Landeskog (PIT)
2 - David Perron (PIT)
3 - Filip Hronek (PIT)

Power Play

Penguins - 2 on 7 Attempt(s) - 28,57%
Stars - 0 on 1 Attempt(s) - 0,00%

Penalty Kill

Penguins - 1 on 1 Attempt(s) - 100,00% - Score 0 goal in Penalty Kill
Stars - 5 on 7 Attempt(s) - 71,43% - Score 0 goal in Penalty Kill

Team Stat

Penguins - Hits : 24 - Faceoff Wins : 35 - Blocked Shots : 12 - Penalty Minutes : 2
Stars - Hits : 24 - Faceoff Wins : 56 - Blocked Shots : 14 - Penalty Minutes : 17

Official

Referees : Conor O'Donnell and Brandon Blandina
Linesman : Shandor Alphonso and Ryan Galloway

Game Notes

No Game Note

Finance

Level 1 -- Attendance: 4394 (73,23%) -- Ticket Income 615 160 $
Level 2 -- Attendance: 3278 (65,56%) -- Ticket Income 367 136 $
Level 3 -- Attendance: 1854 (92,70%) -- Ticket Income 192 816 $
Level 4 -- Attendance: 2651 (58,50%) -- Ticket Income 92 785 $
Luxury Box -- Attendance: 831 (83,10%) -- Ticket Income 214 398 $
Game was played at the American Airlines Center.
Total Attendance: 13008 (70,19%)
Total Ticket Income: 1 482 295 $
Other Income: 726 325 $
Total Income: 2 208 620 $

% Time on Ice - Penguins

Lines # - Real PCT - Wanted PCT - Time Play
Normal Forward
1 - 34% - 35% - 15:00
2 - 32% - 33% - 14:13
3 - 24% - 22% - 10:47
4 - 10% - 10% - 4:35
Normal Defense
1 - 39% - 40% - 17:26
2 - 28% - 30% - 12:36
3 - 27% - 20% - 12:15
4 - 5% - 10% - 2:18
PP Forward
1 - 47% - 60% - 6:17
2 - 53% - 40% - 7:09
PP Defense
1 - 62% - 60% - 8:18
2 - 38% - 40% - 5:08
PK Forward
1 - 71% - 60% - 1:24
2 - 29% - 40% - 0:35
PK Defense
1 - 62% - 60% - 1:14
2 - 38% - 40% - 0:45
PK3 Forward
1 - 0% - 60%
2 - 0% - 40%
PK3 Defense
1 - 0% - 60%
2 - 0% - 40%
44 Forward
1 - 0% - 60%
2 - 0% - 40%
44 Defense
1 - 0% - 60%
2 - 0% - 40%
Last Minute Offensive  - 0:00
Last Minute Defensive  - 0:00
Total
Forward - 60:00
Defense - 60:00

% Time on Ice - Stars

Lines # - Real PCT - Wanted PCT - Time Play
Normal Forward
1 - 36% - 36% - 16:09
2 - 31% - 31% - 13:38
3 - 25% - 23% - 11:08
4 - 8% - 10% - 3:40
Normal Defense
1 - 38% - 40% - 16:57
2 - 34% - 30% - 14:57
3 - 26% - 20% - 11:40
4 - 2% - 10% - 1:01
PP Forward
1 - 66% - 60% - 1:18
2 - 34% - 40% - 0:41
PP Defense
1 - 34% - 60% - 0:41
2 - 66% - 40% - 1:18
PK Forward
1 - 65% - 60% - 8:42
2 - 35% - 40% - 4:44
PK Defense
1 - 56% - 60% - 7:34
2 - 44% - 40% - 5:52
PK3 Forward
1 - 0% - 60%
2 - 0% - 40%
PK3 Defense
1 - 0% - 60%
2 - 0% - 40%
44 Forward
1 - 0% - 60%
2 - 0% - 40%
44 Defense
1 - 0% - 60%
2 - 0% - 40%
Last Minute Offensive  - 0:00
Last Minute Defensive  - 0:00
Total
Forward - 60:00
Defense - 60:00

Play-by-Play

1st period


0:01 of 1st period - Nathan MacKinnon wins face-off versus Evgenii Dadonov in neutral zone.
0:04 of 1st period - Shot by Mark Giordano.
0:04 of 1st period - Stopped by Darcy Kuemper without a rebound.
0:05 of 1st period - Mark Scheifele wins face-off versus Bo Horvat in Stars zone.
0:13 of 1st period - Shot by Gabriel Landeskog.
0:13 of 1st period - Stopped by Darcy Kuemper without a rebound.
0:14 of 1st period - Derick Brassard wins face-off versus Clayton Keller in Stars zone.
0:19 of 1st period - Minor Penalty to Jon Marchessault for Holding Stick.
0:20 of 1st period - Teddy Blueger wins face-off versus Nathan MacKinnon in Stars zone.
0:26 of 1st period - Icing by Drew Doughty.
0:27 of 1st period - Tom Wilson wins face-off versus Nathan MacKinnon in Penguins zone.
1:07 of 1st period - Shot by Patrik Laine.
1:07 of 1st period - Shot Misses the Net.
1:09 of 1st period - Shot by Drew Doughty.
1:09 of 1st period - Shot Misses the Net.
1:25 of 1st period - Shot by Mark Scheifele.
1:25 of 1st period - Stopped by Darcy Kuemper without a rebound.
1:26 of 1st period - Teddy Blueger wins face-off versus Mark Scheifele in Stars zone.
2:03 of 1st period - Icing by Filip Hronek.
2:04 of 1st period - Teddy Blueger wins face-off versus Mark Scheifele in Penguins zone.
2:05 of 1st period - Shot by Duncan Keith.
2:05 of 1st period - Shot Blocked by Mark Giordano.
2:07 of 1st period - Shot by Brandon Tanev.
2:07 of 1st period - Deflect By Teddy Blueger.
2:07 of 1st period - Stopped by Connor Hellebuyck without a rebound.
2:08 of 1st period - Nathan MacKinnon wins face-off versus Teddy Blueger in Penguins zone.
2:19 of 1st period - Shot by Nathan MacKinnon.
2:19 of 1st period - Stopped by Darcy Kuemper without a rebound.
2:20 of 1st period - Patrice Bergeron wins face-off versus Clayton Keller in Stars zone.
4:30 of 1st period - Derick Brassard is hit by Brent Seabrook and loses puck.
4:46 of 1st period - Jon Marchessault is hit by Brent Seabrook and loses puck.
4:58 of 1st period - Icing by Brent Seabrook.
4:59 of 1st period - Mark Scheifele wins face-off versus Teddy Blueger in Penguins zone.
5:11 of 1st period - Off-side.
5:12 of 1st period - Patrice Bergeron wins face-off versus Adrian Kempe in neutral zone.
5:15 of 1st period - Shot by Evgenii Dadonov.
5:15 of 1st period - Shot Misses the Net.
5:30 of 1st period - Adrian Kempe is hit by Darnell Nurse and loses puck.
7:09 of 1st period - Shot by James van Riemsdyk.
7:09 of 1st period - Stopped by Connor Hellebuyck without a rebound.
7:10 of 1st period - Teddy Blueger wins face-off versus David Perron in Penguins zone.
7:10 of 1st period - Teddy Blueger is hit by Drew Doughty.
7:31 of 1st period - Icing by Sami Vatanen.
7:32 of 1st period - Teddy Blueger wins face-off versus Clayton Keller in Stars zone.
7:32 of 1st period - Teddy Blueger is hit by Alex DeBrincat.
7:52 of 1st period - Shot by Teddy Blueger.
7:52 of 1st period - Shot Blocked by Shea Weber.
8:50 of 1st period - Shot by David Perron.
8:50 of 1st period - Stopped by Darcy Kuemper with a rebound.
8:52 of 1st period - Shot by Mark Giordano.
8:52 of 1st period - Shot Blocked by Darnell Nurse.
9:48 of 1st period - Shot by Patrik Laine.
9:48 of 1st period - Shot Blocked by Mattias Ekholm.
10:15 of 1st period - Bo Horvat is hit by Marcus Pettersson and loses puck.
10:20 of 1st period - Shot by Tom Wilson.
10:20 of 1st period - Stopped by Connor Hellebuyck without a rebound.
10:21 of 1st period - Teddy Blueger wins face-off versus Clayton Keller in Penguins zone.
10:21 of 1st period - Teddy Blueger is hit by Filip Hronek.
10:31 of 1st period - Shot by Josh Leivo.
10:31 of 1st period - Stopped by Connor Hellebuyck without a rebound.
10:32 of 1st period - Bo Horvat wins face-off versus Adrian Kempe in Penguins zone.
10:40 of 1st period - Shea Weber is hit by Mattias Ekholm and loses puck.
10:44 of 1st period - Oskar Lindblom is hit by Mattias Ekholm and loses puck.
11:01 of 1st period - Shot by Tyler Toffoli.
11:01 of 1st period - Stopped by Connor Hellebuyck without a rebound.
11:02 of 1st period - Mark Scheifele wins face-off versus Patrice Bergeron in Penguins zone.
11:04 of 1st period - Icing by Gabriel Landeskog.
11:05 of 1st period - Mark Scheifele wins face-off versus Patrice Bergeron in Penguins zone.
11:22 of 1st period - Shot by Evgenii Dadonov.
11:22 of 1st period - Shot Misses the Net.
11:28 of 1st period - Shot by Patrice Bergeron.
11:28 of 1st period - Stopped by Connor Hellebuyck with a rebound.
11:34 of 1st period - Shot by Patrice Bergeron.
11:34 of 1st period - Shot Blocked by Mark Giordano.
11:36 of 1st period - Shot by Nazem Kadri.
11:36 of 1st period - Stopped by Connor Hellebuyck without a rebound.
11:36 of 1st period - Minor Penalty to Drew Doughty for High sticking.
11:37 of 1st period - Bo Horvat wins face-off versus Cedric Paquette in Penguins zone.
11:42 of 1st period - Shot by Nazem Kadri.
11:42 of 1st period - Stopped by Connor Hellebuyck without a rebound.
11:43 of 1st period - Bo Horvat wins face-off versus Cedric Paquette in Penguins zone.
11:50 of 1st period - Shot by Sami Vatanen.
11:50 of 1st period - Shot Blocked by Marcus Pettersson.
11:52 of 1st period - Shot by Mattias Ekholm.
11:52 of 1st period - Shot Blocked by Marcus Pettersson.
11:54 of 1st period - Shot by Sami Vatanen.
11:54 of 1st period - Deflect By Tom Wilson.
11:54 of 1st period - Stopped by Connor Hellebuyck without a rebound.
11:55 of 1st period - Patrice Bergeron wins face-off versus Cedric Paquette in Penguins zone.
12:12 of 1st period - Mark Giordano is hit by Tyler Toffoli and loses puck.
12:33 of 1st period - Shot by Patrice Bergeron.
12:33 of 1st period - Shot Misses the Net.
12:35 of 1st period - Shot by John Klingberg.
12:35 of 1st period - Stopped by Connor Hellebuyck without a rebound.
12:36 of 1st period - Mark Scheifele wins face-off versus Tom Wilson in Penguins zone.
12:36 of 1st period - Mark Scheifele is hit by Tom Wilson.
12:48 of 1st period - Shot by Sami Vatanen.
12:48 of 1st period - Stopped by Connor Hellebuyck with a rebound.
12:50 of 1st period - Shot by Mattias Ekholm.
12:50 of 1st period - Shot Blocked by Shea Weber.
13:16 of 1st period - Shot by Tom Wilson.
13:16 of 1st period - Shot Misses the Net.
14:16 of 1st period - Shot by Nathan MacKinnon.
14:16 of 1st period - Deflect By Patrik Laine.
14:16 of 1st period - Shot Misses the Net.
14:40 of 1st period - Shot by Brandon Tanev.
14:40 of 1st period - Shot Blocked by Shea Weber.
15:01 of 1st period - Shot by Brandon Tanev.
15:01 of 1st period - Goal by Brandon Tanev - Penguins : 0 - Stars : 1.
15:02 of 1st period - Patrice Bergeron wins face-off versus Mark Scheifele in neutral zone.
15:11 of 1st period - David Perron is hit by Nazem Kadri and loses puck.
15:21 of 1st period - Shot by Patrice Bergeron.
15:21 of 1st period - Shot Misses the Net.
15:23 of 1st period - Shot by Evgenii Dadonov.
15:23 of 1st period - Stopped by Connor Hellebuyck without a rebound.
15:24 of 1st period - Oskar Lindblom wins face-off versus Bo Horvat in Penguins zone.
15:29 of 1st period - Cedric Paquette is hit by Tom Wilson and loses puck.
15:52 of 1st period - Shot by Bo Horvat.
15:52 of 1st period - Shot Misses the Net.
16:00 of 1st period - Shot by Tom Wilson.
16:00 of 1st period - Shot Misses the Net.
16:02 of 1st period - Shot by Bo Horvat.
16:02 of 1st period - Stopped by Connor Hellebuyck without a rebound.
16:03 of 1st period - Nathan MacKinnon wins face-off versus Derick Brassard in Penguins zone.
16:22 of 1st period - Shot by Patrik Laine.
16:22 of 1st period - Shot Misses the Net.
16:24 of 1st period - Shot by Shea Weber.
16:24 of 1st period - Shot Misses the Net.
16:26 of 1st period - Shot by Filip Hronek.
16:26 of 1st period - Shot Blocked by Scott Mayfield.
17:22 of 1st period - Shot by Gabriel Landeskog.
17:22 of 1st period - Stopped by Darcy Kuemper without a rebound.
17:23 of 1st period - Patrice Bergeron wins face-off versus Clayton Keller in Stars zone.
17:34 of 1st period - Shot by Evgenii Dadonov.
17:34 of 1st period - Shot Misses the Net.
17:36 of 1st period - Shot by John Klingberg.
17:36 of 1st period - Stopped by Connor Hellebuyck with a rebound.
17:38 of 1st period - Shot by Patrice Bergeron.
17:38 of 1st period - Shot Blocked by Drew Doughty.
17:40 of 1st period - Shot by Patrice Bergeron.
17:40 of 1st period - Stopped by Connor Hellebuyck without a rebound.
17:41 of 1st period - Bo Horvat wins face-off versus Adrian Kempe in Penguins zone.
17:46 of 1st period - Shot by Bo Horvat.
17:46 of 1st period - Deflect By Tyler Toffoli.
17:46 of 1st period - Goal by Tyler Toffoli - Penguins : 0 - Stars : 2.
17:47 of 1st period - Nathan MacKinnon wins face-off versus Patrice Bergeron in neutral zone.
18:03 of 1st period - Patrik Laine is hit by Darnell Nurse and loses puck.
18:21 of 1st period - Patrik Laine is hit by Darnell Nurse and loses puck.
18:47 of 1st period - Shot by Mark Scheifele.
18:47 of 1st period - Deflect By Gabriel Landeskog.
18:47 of 1st period - Goal by Gabriel Landeskog - Penguins : 1 - Stars : 2.
18:48 of 1st period - Tom Wilson wins face-off versus Oliver Bjorkstrand in neutral zone.
19:08 of 1st period - Minor Penalty to Duncan Keith for High sticking.
19:09 of 1st period - Mark Scheifele wins face-off versus Teddy Blueger in Stars zone.
19:12 of 1st period - Shot by Gabriel Landeskog.
19:12 of 1st period - Shot Misses the Net.
19:52 of 1st period - Mark Scheifele is hit by Brandon Tanev and loses puck.
Goals for this period are 1 for Penguins vs 2 for Stars.
Shots for this period are 7 for Penguins vs 17 for Stars.

2nd period


0:01 of 2nd period - Teddy Blueger wins face-off versus Nathan MacKinnon in neutral zone.
0:24 of 2nd period - Shot by Drew Doughty.
0:24 of 2nd period - Stopped by Darcy Kuemper with a rebound.
0:26 of 2nd period - Shot by Drew Doughty.
0:26 of 2nd period - Stopped by Darcy Kuemper without a rebound.
0:27 of 2nd period - Teddy Blueger wins face-off versus Mark Scheifele in Stars zone.
0:49 of 2nd period - Mattias Ekholm is hit by Mark Scheifele and loses puck.
1:04 of 2nd period - Shot by Gabriel Landeskog.
1:04 of 2nd period - Deflect By David Perron.
1:04 of 2nd period - Stopped by Darcy Kuemper with a rebound.
1:06 of 2nd period - Shot by Mark Giordano.
1:06 of 2nd period - Goal by Mark Giordano - Penguins : 2 - Stars : 2.
1:07 of 2nd period - Patrice Bergeron wins face-off versus Nathan MacKinnon in neutral zone.
1:09 of 2nd period - Sami Vatanen is hit by Brent Seabrook and loses puck.
1:29 of 2nd period - Nathan MacKinnon is hit by Sami Vatanen and loses puck.
1:39 of 2nd period - Nathan MacKinnon is hit by Scott Mayfield and loses puck.
1:54 of 2nd period - Patrik Laine is hit by Nazem Kadri and loses puck.
2:57 of 2nd period - Shot by Bo Horvat.
2:57 of 2nd period - Shot Blocked by Drew Doughty.
2:59 of 2nd period - Shot by Tom Wilson.
2:59 of 2nd period - Stopped by Connor Hellebuyck without a rebound.
3:00 of 2nd period - Derick Brassard wins face-off versus Alex DeBrincat in Penguins zone.
3:10 of 2nd period - Icing by James van Riemsdyk.
3:11 of 2nd period - Derick Brassard wins face-off versus Mark Scheifele in Stars zone.
3:11 of 2nd period - Derick Brassard is hit by Gabriel Landeskog.
3:16 of 2nd period - Mattias Ekholm is hit by Drew Doughty and loses puck.
3:52 of 2nd period - Shot by Gabriel Landeskog.
3:52 of 2nd period - Shot Blocked by Mattias Ekholm.
4:27 of 2nd period - Off-side.
4:28 of 2nd period - Cedric Paquette wins face-off versus Patrice Bergeron in neutral zone.
4:47 of 2nd period - Shot by Shea Weber.
4:47 of 2nd period - Stopped by Darcy Kuemper without a rebound.
4:48 of 2nd period - Bo Horvat wins face-off versus Clayton Keller in Stars zone.
4:48 of 2nd period - John Klingberg is hit by Clayton Keller and loses puck.
5:23 of 2nd period - Shot by John Klingberg.
5:23 of 2nd period - Shot Misses the Net.
8:04 of 2nd period - Shot by Tom Wilson.
8:04 of 2nd period - Stopped by Connor Hellebuyck without a rebound.
8:05 of 2nd period - Patrice Bergeron wins face-off versus Adrian Kempe in Penguins zone.
8:15 of 2nd period - Shot by Evgenii Dadonov.
8:15 of 2nd period - Stopped by Connor Hellebuyck without a rebound.
8:16 of 2nd period - Bo Horvat wins face-off versus Adrian Kempe in Penguins zone.
8:25 of 2nd period - Shot by Tom Wilson.
8:25 of 2nd period - Shot Misses the Net.
8:27 of 2nd period - Shot by Tom Wilson.
8:27 of 2nd period - Stopped by Connor Hellebuyck without a rebound.
8:28 of 2nd period - Patrice Bergeron wins face-off versus Nathan MacKinnon in Penguins zone.
8:28 of 2nd period - Patrice Bergeron is hit by Filip Hronek.
8:31 of 2nd period - Evgenii Dadonov is hit by Filip Hronek and loses puck.
10:07 of 2nd period - Brent Seabrook is hit by Tom Wilson and loses puck.
10:36 of 2nd period - Shot by Oliver Bjorkstrand.
10:36 of 2nd period - Shot Blocked by Darnell Nurse.
10:38 of 2nd period - Shot by Brent Seabrook.
10:38 of 2nd period - Shot Misses the Net.
10:40 of 2nd period - Shot by Oliver Bjorkstrand.
10:40 of 2nd period - Stopped by Darcy Kuemper without a rebound.
10:41 of 2nd period - Derick Brassard wins face-off versus Adrian Kempe in Stars zone.
10:43 of 2nd period - Icing by Sami Vatanen.
10:44 of 2nd period - Nathan MacKinnon wins face-off versus Derick Brassard in Stars zone.
10:57 of 2nd period - Shot by Derick Brassard.
10:57 of 2nd period - Stopped by Connor Hellebuyck with a rebound.
10:59 of 2nd period - Shot by Scott Mayfield.
10:59 of 2nd period - Shot Misses the Net.
11:01 of 2nd period - Shot by Jon Marchessault.
11:01 of 2nd period - Stopped by Connor Hellebuyck without a rebound.
11:02 of 2nd period - Mark Scheifele wins face-off versus Brandon Tanev in Penguins zone.
11:26 of 2nd period - Minor Penalty to Mattias Ekholm for Cross-checking.
11:27 of 2nd period - Nathan MacKinnon wins face-off versus Teddy Blueger in Stars zone.
11:46 of 2nd period - Shot by Shea Weber.
11:46 of 2nd period - Shot Misses the Net.
11:48 of 2nd period - Shot by Drew Doughty.
11:48 of 2nd period - Shot Misses the Net.
11:50 of 2nd period - Shot by Nathan MacKinnon.
11:50 of 2nd period - Stopped by Darcy Kuemper with a rebound.
11:52 of 2nd period - Shot by Drew Doughty.
11:52 of 2nd period - Stopped by Darcy Kuemper without a rebound.
11:53 of 2nd period - Mark Scheifele wins face-off versus Tom Wilson in Stars zone.
11:54 of 2nd period - Shot by Mark Giordano.
11:54 of 2nd period - Shot Blocked by John Klingberg.
11:56 of 2nd period - Shot by Filip Hronek.
11:56 of 2nd period - Shot Misses the Net.
11:58 of 2nd period - Shot by Mark Scheifele.
11:58 of 2nd period - Stopped by Darcy Kuemper without a rebound.
11:59 of 2nd period - Mark Scheifele wins face-off versus Teddy Blueger in Stars zone.
12:28 of 2nd period - Shot by Filip Hronek.
12:28 of 2nd period - Stopped by Darcy Kuemper without a rebound.
12:29 of 2nd period - Nathan MacKinnon wins face-off versus Bo Horvat in Stars zone.
12:29 of 2nd period - Drew Doughty is hit by Sami Vatanen and loses puck.
13:01 of 2nd period - Patrik Laine is hit by John Klingberg and loses puck.
13:34 of 2nd period - Duncan Keith is hit by Marcus Pettersson and loses puck.
13:38 of 2nd period - Patrice Bergeron is hit by Brent Seabrook and loses puck.
13:53 of 2nd period - Shot by Clayton Keller.
13:53 of 2nd period - Stopped by Darcy Kuemper without a rebound.
13:54 of 2nd period - Mark Scheifele wins face-off versus Derick Brassard in Stars zone.
14:21 of 2nd period - Shot by Jon Marchessault.
14:21 of 2nd period - Shot Misses the Net.
14:39 of 2nd period - Shot by Josh Leivo.
14:39 of 2nd period - Stopped by Connor Hellebuyck with a rebound.
15:29 of 2nd period - Shot by Patrice Bergeron.
15:29 of 2nd period - Shot Misses the Net.
15:33 of 2nd period - Shot by Patrice Bergeron.
15:33 of 2nd period - Stopped by Connor Hellebuyck without a rebound.
15:34 of 2nd period - Bo Horvat wins face-off versus Alex DeBrincat in Penguins zone.
15:35 of 2nd period - Shot by Tyler Toffoli.
15:35 of 2nd period - Shot Misses the Net.
15:48 of 2nd period - Icing by Shea Weber.
15:49 of 2nd period - Patrice Bergeron wins face-off versus Clayton Keller in Penguins zone.
16:01 of 2nd period - Shot by Nazem Kadri.
16:01 of 2nd period - Stopped by Connor Hellebuyck without a rebound.
16:02 of 2nd period - Nathan MacKinnon wins face-off versus Bo Horvat in Penguins zone.
16:02 of 2nd period - Nathan MacKinnon is hit by Tom Wilson.
16:05 of 2nd period - Marcus Pettersson is hit by Tom Wilson and loses puck.
16:18 of 2nd period - Shot by Nathan MacKinnon.
16:18 of 2nd period - Stopped by Darcy Kuemper without a rebound.
16:19 of 2nd period - Patrice Bergeron wins face-off versus Clayton Keller in Stars zone.
16:36 of 2nd period - Shot by Alex DeBrincat.
16:36 of 2nd period - Stopped by Darcy Kuemper without a rebound.
16:37 of 2nd period - Nathan MacKinnon wins face-off versus Bo Horvat in Stars zone.
16:38 of 2nd period - Shot by Patrik Laine.
16:38 of 2nd period - Shot Blocked by John Klingberg.
16:40 of 2nd period - Shot by Brent Seabrook.
16:40 of 2nd period - Stopped by Darcy Kuemper without a rebound.
16:41 of 2nd period - Bo Horvat wins face-off versus Nathan MacKinnon in Stars zone.
17:12 of 2nd period - Shot by Tyler Toffoli.
17:12 of 2nd period - Stopped by Connor Hellebuyck with a rebound.
17:14 of 2nd period - Shot by Tyler Toffoli.
17:14 of 2nd period - Stopped by Connor Hellebuyck without a rebound.
17:15 of 2nd period - Patrice Bergeron wins face-off versus Mark Scheifele in Penguins zone.
17:50 of 2nd period - Shot by Evgenii Dadonov.
17:50 of 2nd period - Goal by Evgenii Dadonov - Penguins : 2 - Stars : 3.
17:51 of 2nd period - Derick Brassard wins face-off versus Clayton Keller in neutral zone.
17:55 of 2nd period - Darnell Nurse is hit by Filip Hronek and loses puck.
17:58 of 2nd period - Shot by Derick Brassard.
17:58 of 2nd period - Shot Misses the Net.
18:00 of 2nd period - Shot by Darnell Nurse.
18:00 of 2nd period - Stopped by Connor Hellebuyck with a rebound.
18:02 of 2nd period - Shot by John Klingberg.
18:02 of 2nd period - Stopped by Connor Hellebuyck with a rebound.
18:04 of 2nd period - Shot by James van Riemsdyk.
18:04 of 2nd period - Stopped by Connor Hellebuyck without a rebound.
18:05 of 2nd period - Nathan MacKinnon wins face-off versus Bo Horvat in Penguins zone.
18:11 of 2nd period - Off-side.
18:12 of 2nd period - Nathan MacKinnon wins face-off versus Bo Horvat in neutral zone.
18:14 of 2nd period - Mark Giordano is hit by Darnell Nurse and loses puck.
18:20 of 2nd period - Off-side.
18:21 of 2nd period - Mark Scheifele wins face-off versus Nazem Kadri in neutral zone.
18:51 of 2nd period - Shot by Mark Scheifele.
18:51 of 2nd period - Deflect By David Perron.
18:51 of 2nd period - Stopped by Darcy Kuemper with a rebound.
19:25 of 2nd period - Shot by Patrik Laine.
19:25 of 2nd period - Stopped by Darcy Kuemper with a rebound.
19:30 of 2nd period - Bo Horvat is hit by Filip Hronek and loses puck.
Goals for this period are 1 for Penguins vs 1 for Stars.
Shots for this period are 16 for Penguins vs 15 for Stars.

3rd period


0:01 of 3rd period - Nathan MacKinnon wins face-off versus Bo Horvat in neutral zone.
0:34 of 3rd period - Shot by Nathan MacKinnon.
0:34 of 3rd period - Stopped by Darcy Kuemper without a rebound.
0:35 of 3rd period - Patrice Bergeron wins face-off versus Gabriel Landeskog in Stars zone.
1:06 of 3rd period - Shot by David Perron.
1:06 of 3rd period - Goal by David Perron - Penguins : 3 - Stars : 3.
1:07 of 3rd period - Derick Brassard wins face-off versus Clayton Keller in neutral zone.
1:30 of 3rd period - Shot by Oliver Bjorkstrand.
1:30 of 3rd period - Shot Misses the Net.
1:32 of 3rd period - Shot by Mark Giordano.
1:32 of 3rd period - Shot Blocked by Jon Marchessault.
2:04 of 3rd period - Shea Weber is hit by Jon Marchessault and loses puck.
2:21 of 3rd period - Shot by Patrik Laine.
2:21 of 3rd period - Shot Misses the Net.
2:23 of 3rd period - Shot by Filip Hronek.
2:23 of 3rd period - Stopped by Darcy Kuemper with a rebound.
2:46 of 3rd period - Off-side.
2:47 of 3rd period - Bo Horvat wins face-off versus Mark Scheifele in neutral zone.
2:57 of 3rd period - Minor Penalty to Tom Wilson for Tripping.
2:58 of 3rd period - Teddy Blueger wins face-off versus Mark Scheifele in Stars zone.
3:25 of 3rd period - Shot by Gabriel Landeskog.
3:25 of 3rd period - Shot Misses the Net.
3:27 of 3rd period - Shot by Drew Doughty.
3:27 of 3rd period - Shot Misses the Net.
3:29 of 3rd period - Shot by Shea Weber.
3:29 of 3rd period - Shot Blocked by Duncan Keith.
3:31 of 3rd period - Shot by Shea Weber.
3:31 of 3rd period - Stopped by Darcy Kuemper with a rebound.
3:33 of 3rd period - Shot by Shea Weber.
3:33 of 3rd period - Shot Misses the Net.
3:35 of 3rd period - Shot by Drew Doughty.
3:35 of 3rd period - Stopped by Darcy Kuemper without a rebound.
3:36 of 3rd period - Nathan MacKinnon wins face-off versus Brandon Tanev in Stars zone.
4:09 of 3rd period - Shot by Patrik Laine.
4:09 of 3rd period - Shot Misses the Net.
4:11 of 3rd period - Shot by Filip Hronek.
4:11 of 3rd period - Shot Blocked by Mattias Ekholm.
4:13 of 3rd period - Shot by Filip Hronek.
4:13 of 3rd period - Stopped by Darcy Kuemper without a rebound.
4:14 of 3rd period - Teddy Blueger wins face-off versus Mark Scheifele in Stars zone.
4:48 of 3rd period - Shot by Shea Weber.
4:48 of 3rd period - Deflect By Gabriel Landeskog.
4:48 of 3rd period - Shot Misses the Net.
4:50 of 3rd period - Shot by Shea Weber.
4:50 of 3rd period - Goal by Shea Weber - Penguins : 4 - Stars : 3.
4:51 of 3rd period - Adrian Kempe wins face-off versus Bo Horvat in neutral zone.
4:51 of 3rd period - Adrian Kempe is hit by Tom Wilson.
5:08 of 3rd period - Icing by Bo Horvat.
5:09 of 3rd period - Bo Horvat wins face-off versus Nathan MacKinnon in Stars zone.
5:09 of 3rd period - Bo Horvat is hit by Patrik Laine.
5:14 of 3rd period - Bo Horvat is hit by Drew Doughty and loses puck.
5:23 of 3rd period - Shot by Tom Wilson.
5:23 of 3rd period - Stopped by Connor Hellebuyck without a rebound.
5:24 of 3rd period - Patrice Bergeron wins face-off versus Clayton Keller in Penguins zone.
5:29 of 3rd period - Shot by Patrice Bergeron.
5:29 of 3rd period - Shot Blocked by Brent Seabrook.
5:46 of 3rd period - Shot by Patrice Bergeron.
5:46 of 3rd period - Stopped by Connor Hellebuyck without a rebound.
5:47 of 3rd period - Nathan MacKinnon wins face-off versus Derick Brassard in Penguins zone.
5:58 of 3rd period - Shot by Nathan MacKinnon.
5:58 of 3rd period - Stopped by Darcy Kuemper without a rebound.
5:59 of 3rd period - Bo Horvat wins face-off versus Mark Scheifele in Stars zone.
5:59 of 3rd period - Bo Horvat is hit by Gabriel Landeskog.
6:27 of 3rd period - Shot by Mark Scheifele.
6:27 of 3rd period - Stopped by Darcy Kuemper without a rebound.
6:28 of 3rd period - Patrice Bergeron wins face-off versus Nathan MacKinnon in Stars zone.
7:24 of 3rd period - Nathan MacKinnon is hit by Darnell Nurse and loses puck.
7:32 of 3rd period - Icing by Darnell Nurse.
7:33 of 3rd period - Bo Horvat wins face-off versus Mark Scheifele in Stars zone.
8:07 of 3rd period - Icing by Drew Doughty.
8:08 of 3rd period - Derick Brassard wins face-off versus David Perron in Penguins zone.
8:39 of 3rd period - Shot by Derick Brassard.
8:39 of 3rd period - Shot Misses the Net.
8:57 of 3rd period - Shot by Oliver Bjorkstrand.
8:57 of 3rd period - Shot Misses the Net.
8:59 of 3rd period - Shot by Marcus Pettersson.
8:59 of 3rd period - Stopped by Darcy Kuemper with a rebound.
9:48 of 3rd period - Shot by Nazem Kadri.
9:48 of 3rd period - Stopped by Connor Hellebuyck with a rebound.
10:32 of 3rd period - Shot by Bo Horvat.
10:32 of 3rd period - Stopped by Connor Hellebuyck with a rebound.
10:37 of 3rd period - Oskar Lindblom is hit by Mattias Ekholm and loses puck.
10:45 of 3rd period - Minor Penalty to Mattias Ekholm for Tripping.
10:46 of 3rd period - Mark Scheifele wins face-off versus Teddy Blueger in Stars zone.
10:53 of 3rd period - Shot by Drew Doughty.
10:53 of 3rd period - Stopped by Darcy Kuemper without a rebound.
10:54 of 3rd period - Mark Scheifele wins face-off versus Teddy Blueger in Stars zone.
11:16 of 3rd period - Icing by Mark Giordano.
11:17 of 3rd period - Teddy Blueger wins face-off versus Mark Scheifele in Penguins zone.
12:38 of 3rd period - Sami Vatanen is hit by Patrik Laine and loses puck.
13:05 of 3rd period - Shot by James van Riemsdyk.
13:05 of 3rd period - Deflect By Jon Marchessault.
13:05 of 3rd period - Shot Misses the Net.
13:16 of 3rd period - Icing by Brent Seabrook.
13:17 of 3rd period - Bo Horvat wins face-off versus Clayton Keller in Penguins zone.
13:42 of 3rd period - Shot by Bo Horvat.
13:42 of 3rd period - Deflect By Tyler Toffoli.
13:42 of 3rd period - Stopped by Connor Hellebuyck with a rebound.
13:44 of 3rd period - Shot by Bo Horvat.
13:44 of 3rd period - Stopped by Connor Hellebuyck without a rebound.
13:45 of 3rd period - Mark Scheifele wins face-off versus Patrice Bergeron in Penguins zone.
13:54 of 3rd period - Shot by Evgenii Dadonov.
13:54 of 3rd period - Shot Blocked by Gabriel Landeskog.
14:01 of 3rd period - Minor Penalty to Mattias Ekholm for High sticking.
14:02 of 3rd period - Patrik Laine wins face-off versus Teddy Blueger in Stars zone.
14:07 of 3rd period - Shot by Nathan MacKinnon.
14:07 of 3rd period - Shot Blocked by Teddy Blueger.
14:09 of 3rd period - Shot by Drew Doughty.
14:09 of 3rd period - Stopped by Darcy Kuemper without a rebound.
14:10 of 3rd period - Teddy Blueger wins face-off versus Nathan MacKinnon in Stars zone.
14:10 of 3rd period - Teddy Blueger is hit by Joe Thornton.
14:24 of 3rd period - Brandon Tanev is hit by Patrik Laine and loses puck.
14:45 of 3rd period - Shot by Shea Weber.
14:45 of 3rd period - Deflect By Patrik Laine.
14:45 of 3rd period - Stopped by Darcy Kuemper without a rebound.
14:46 of 3rd period - Mark Scheifele wins face-off versus Teddy Blueger in Stars zone.
15:00 of 3rd period - Shot by Brandon Tanev.
15:00 of 3rd period - Shot Blocked by Filip Hronek.
15:02 of 3rd period - Shot by Duncan Keith.
15:02 of 3rd period - Shot Hit the Post.
15:04 of 3rd period - Shot by Teddy Blueger.
15:04 of 3rd period - Stopped by Connor Hellebuyck without a rebound.
15:05 of 3rd period - Bo Horvat wins face-off versus Patrik Laine in Penguins zone.
15:08 of 3rd period - Shot by Bo Horvat.
15:08 of 3rd period - Shot Misses the Net.
15:14 of 3rd period - John Klingberg is hit by Patrik Laine and loses puck.
15:29 of 3rd period - Shot by Nathan MacKinnon.
15:29 of 3rd period - Shot Blocked by Darnell Nurse.
15:31 of 3rd period - Shot by Joe Thornton.
15:31 of 3rd period - Shot Misses the Net.
15:33 of 3rd period - Shot by Drew Doughty.
15:33 of 3rd period - Shot Blocked by Darnell Nurse.
15:35 of 3rd period - Shot by Drew Doughty.
15:35 of 3rd period - Shot Blocked by Darnell Nurse.
15:37 of 3rd period - Shot by Nathan MacKinnon.
15:37 of 3rd period - Stopped by Darcy Kuemper with a rebound.
16:05 of 3rd period - Icing by Nazem Kadri.
16:06 of 3rd period - Patrice Bergeron wins face-off versus Adrian Kempe in Stars zone.
16:20 of 3rd period - Shot by Brent Seabrook.
16:20 of 3rd period - Shot Misses the Net.
16:25 of 3rd period - Oskar Lindblom is hit by Scott Mayfield and loses puck.
17:16 of 3rd period - Shot by Tom Wilson.
17:16 of 3rd period - Stopped by Connor Hellebuyck without a rebound.
17:17 of 3rd period - Derick Brassard wins face-off versus Nathan MacKinnon in Penguins zone.
17:39 of 3rd period - Off-side.
17:40 of 3rd period - Bo Horvat wins face-off versus David Perron in neutral zone.
18:03 of 3rd period - Off-side.
18:04 of 3rd period - Patrice Bergeron wins face-off versus Nathan MacKinnon in neutral zone.
18:07 of 3rd period - Shot by Nazem Kadri.
18:07 of 3rd period - Stopped by Connor Hellebuyck without a rebound.
18:08 of 3rd period - Patrice Bergeron wins face-off versus Nathan MacKinnon in Penguins zone.
18:20 of 3rd period - Major Penalty to Darnell Nurse for Boarding.
18:21 of 3rd period - Mark Scheifele wins face-off versus Brandon Tanev in Stars zone.
19:13 of 3rd period - Off-side.
19:14 of 3rd period - Bo Horvat wins face-off versus Nathan MacKinnon in neutral zone.
19:20 of 3rd period - Icing by Mark Giordano.
19:21 of 3rd period - Teddy Blueger wins face-off versus Nathan MacKinnon in Penguins zone.
19:48 of 3rd period - Shot by Patrik Laine.
19:48 of 3rd period - Shot Misses the Net.
19:50 of 3rd period - Shot by Mark Giordano.
19:50 of 3rd period - Stopped by Darcy Kuemper without a rebound.
19:51 of 3rd period - Mark Scheifele wins face-off versus Bo Horvat in Stars zone.
Goals for this period are 2 for Penguins vs 0 for Stars.
Shots for this period are 15 for Penguins vs 9 for Stars.